 Dungeon Crawl Stone Soup version 0.28.0-53-g5a82cb258f (webtiles) character file.

Game seed: 15692582849536614393

4011 Stomo the Chiller (level 10, -3/51 HPs)
             Began as a Vine Stalker Ice Elementalist on July 9, 2022.
             Was a Believer of Wu Jian.
             Slain by a killer bee (8 damage)
             ... on level 7 of the Dungeon on July 10, 2022.
             The game lasted 00:23:46 (8308 turns).

Stomo the Chiller (Vine Stalker Ice Elementalist)   Turns: 8308, Time: 00:23:48

Health: -3/51      AC:  7    Str: 19 (21) XL:     10   Next: 23%
Magic:  0/20       EV: 13    Int: 13 (15) God:    Wu Jian [**....]
Gold:   436        SH:  0    Dex: 12 (15) Spells: 11/22 levels left

rFire   . . .      SeeInvis .   p - +2 flail (venom)
rCold   . . .      Faith    .   (no shield)
rNeg    . . .      Spirit   +   a - +0 robe
rPois   .          Reflect  .   (no helmet)
rElec   .          Harm     .   c - +0 cloak
rCorr   .          Rampage  .   (no gloves)
Will    +....                   (no boots)
Stlth   ++........              (no amulet)
HPRegen 0.97/turn               i - +6 ring of strength
MPRegen 0.17/turn               f - +4 ring of protection

@: lethally poisoned (-3 -> -10), studying Shields
A: fangs 3, regeneration 1, magic shield, antimagic bite, no potion heal 2
a: Renounce Religion, Wall Jump


You were on level 7 of the Dungeon.
You worshipped Wu Jian.
Wu Jian was pleased with you.
You visited 2 branches of the dungeon, and saw 9 of its levels.

You collected 436 gold pieces.

Inventory:

Hand Weapons
 b - a +0 mace
 p - a +2 flail of venom (weapon)
Armour
 a - a +0 robe (worn)
 c - a +0 cloak (worn)
 r - a +0 pair of boots
Jewellery
 e - a ring of magical power
 f - a +4 ring of protection (right hand)
 i - a +6 ring of strength (left hand)
Wands
 t - a wand of acid (11)
 v - a wand of flame (28)
Scrolls
 g - 5 scrolls of identify
 h - 2 scrolls of summoning {unknown}
 l - a scroll of silence {unknown}
 m - 2 scrolls of teleportation
 n - a scroll of enchant armour {unknown}
 s - a scroll of immolation {unknown}
Potions
 d - 3 potions of heal wounds
 j - a potion of magic {unknown}
 k - a potion of degeneration
 o - a potion of curing {unknown}
 q - a potion of mutation {unknown}
 u - 2 potions of invisibility {unknown}


   Skills:
 + Level 5.5 Fighting
 + Level 5.6 Maces & Flails
 + Level 5.4 Dodging
 - Level 2.4 Stealth
 + Level 6.6 Spellcasting
 - Level 3.0 Conjurations
 + Level 7.6 Ice Magic


You had 11 spell levels left.
You knew the following spells:

 Your Spells              Type           Power      Damage    Failure   Level
a - Freeze                Ice            96%        1d11      1%          1
b - Frozen Ramparts       Ice            48%        1d6       1%          3
c - Ozocubu's Armour      Ice            24%        N/A       1%          3
d - Hailstorm             Conj/Ice       18%        3d6       19%         4

Your spell library contained the following spells:

 Spells                   Type           Power      Damage    Failure   Level
 Magic Dart               Conj           48%        1d5       4%          1
 Static Discharge         Conj/Air       8%         N/A       13%         2
 Slow                     Hex            16%        N/A       16%         1
 Blink                    Tloc           8%         N/A       24%         2
 Call Imp                 Summ           4%         N/A       24%         2
 Mephitic Cloud           Conj/Pois/Air  6%         N/A       32%         3
 Confusing Touch          Hex            4%         N/A       43%         3
 Vampiric Draining        Necr           4%         2d6       43%         3
 Sticky Flame             Conj/Fire      8%         2d3       65%         4
 Dispel Undead            Necr           4%         3d7       85%         4
 Manifold Assault         Tloc           4%         N/A       99%         5
 Yara's Violent Unravell  Hex/Tmut       2%         3d3       99%         5
 Enfeeble                 Hex            2%         N/A       100%        7
 Storm Form               Tmut/Air       2%         N/A       100%        7


Dungeon Overview and Level Annotations

Branches:
Dungeon (8/15)             Temple (1/1) D:5
   Lair: D:8-11

Altars:
Ashenzari
Cheibriados
Dithmenos
Gozag
Hepliaklqana
Nemelex Xobeh
Okawaru
Qazlal
Ru
Sif Muna
Trog
Uskayaw
Wu Jian
Xom
Yredelemnul
Zin
The Shining One

Shops:
D:7 *   D:8 *


Innate Abilities, Weirdness & Mutations

You have razor-sharp teeth.
Your natural rate of healing is unusually fast.
When hurt, damage is shared between your health and your magic reserves.
Your bite disrupts and absorbs the magic of your enemies.
Potions cannot restore your health.


Message History

You feel sick. The killer bee stings you.
You are more poisoned.
The killer bee poisons you! The killer bee closely misses you.
The killer bee stings you. x2
You are more poisoned.
The killer bee poisons you!
You climb upwards.
You feel extremely sick.
There is a stone staircase leading down here.
Okay, then.
You spin and attack the killer bee.
You miss the killer bee. Your bite misses the killer bee.
You feel very sick. The killer bee stings you.
You are more poisoned.
The killer bee poisons you! The killer bee stings you.
The killer bee stings you but does no damage.
You see here a +0 robe.
You closely miss the killer bee. Your bite misses the killer bee.
You feel very sick. The killer bee barely misses you.
The killer bee completely misses you. The killer bee misses you.
The killer bee closely misses you. The killer bee barely misses you.
Unknown command.
You closely miss the killer bee. Your bite misses the killer bee.
You feel very sick. The killer bee stings you.
* * * LOW HITPOINT WARNING * * *
You are more poisoned.
The killer bee poisons you! The killer bee barely misses you.
The killer bee stings you.
* * * LOW HITPOINT WARNING * * *
The killer bee completely misses you.
It was a potion of degeneration.
There was something very wrong with that liquid.
You feel weakened.
You feel dopey.
You feel clumsy.
* * * LOW HITPOINT WARNING * * *
You feel very sick. The killer bee stings you!
You die...

######.. ##.......
############..######
#...<...##..<## ##########
#..<....#...##
#..>##...#####..........##
........................#
...⌠.⌠.....###..y..÷.#####
....∩......# #.y@........#
...⌠.⌠.....##########....# ######
...............(### #....# #.....
#...##(<.######...#####.####.....
########## ###..## #..........
##..# #####>..... ##### ##.##
#...... #...# #..# ##..... #...#
##.### #....)


You could see 2 killer bees.

Vanquished Creatures
  A boulder beetle (D:7)
  An elephant (D:7)
  2 wyverns (D:8)
  Eustachio (D:6)
  A steam dragon (D:8)
  2 sky beasts
  A black bear (D:7)
  A hornet zombie (D:6)
  A necrophage (D:4)
  2 ogres
  2 phantoms
  3 centaurs
  2 kobold brigands
  A gnoll sergeant (D:6)
  3 bullfrogs
  3 scorpions
  6 killer bees (D:8)
  A bullfrog zombie (D:7)
  A centaur zombie (D:4)
  2 hounds (D:7)
  A bullfrog skeleton (D:7)
  4 iguanas
  3 orc wizards
  2 killer bee zombies (D:7)
  2 howler monkey skeletons
  6 gnolls
  8 adders
  2 shadow imps
  An ufetubus (D:5)
  2 adder skeletons (D:4)
  4 worms
  4 dart slugs
  11 orcs
  7 endoplasms
  A giant cockroach (D:4)
  7 hobgoblins
  11 jackals
  16 kobolds
  6 quokkas
  5 ball pythons
  5 bats
  2 frilled lizards
  8 goblins
  12 rats
167 creatures vanquished.

Vanquished Creatures (others)
  A plant (D:1)
1 creature vanquished.

Grand Total: 168 creatures vanquished

Notes
Turn   | Place    | Note
-------+----------+-------------------------------------------
     0 | D:1      | Stomo the Vine Stalker Ice Elementalist began the quest for
                  | the Orb.
     0 | D:1      | Reached XP level 1. HP: 9/9 MP: 4/4
   304 | D:1      | Reached XP level 2. HP: 14/14 MP: 4/6
   935 | D:1      | Found a faded altar of an unknown god.
   953 | D:1      | Reached XP level 3. HP: 16/17 MP: 1/7
   957 | D:1      | Learned a level 3 spell: Frozen Ramparts
  1566 | D:1      | Reached skill level 1 in Fighting
  1870 | D:2      | Reached skill level 1 in Maces & Flails
  2479 | D:3      | Gained mutation: Your natural rate of healing is unusually
                  | fast. [Vine Stalker growth]
  2479 | D:3      | Reached XP level 4. HP: 21/22 MP: 5/9
  2880 | D:3      | Reached XP level 5. HP: 25/25 MP: 3/10
  3355 | D:4      | Noticed a phantom
  3384 | D:4      | Killed a phantom
  3385 | D:4      | Reached XP level 6. HP: 22/30 MP: 8/12
  3818 | D:4      | Learned a level 3 spell: Ozocubu's Armour
  3823 | D:4      | Learned a level 4 spell: Hailstorm
  3874 | D:4      | Noticed a necrophage
  3887 | D:4      | Reached skill level 5 in Ice Magic
  3895 | D:4      | Killed a necrophage
  3896 | D:4      | Reached XP level 7. HP: 33/35 MP: 8/13
  4000 | D:4      | Reached skill level 1 in Conjurations
  4471 | D:4      | Found a hazy altar of Hepliaklqana.
  4563 | D:5      | Entered Level 5 of the Dungeon
  4778 | D:5      | Found a staircase to the Ecumenical Temple.
  4799 | D:5      | Found a stormy altar of Qazlal.
  4902 | Temple   | Entered the Ecumenical Temple
  4908 | Temple   | Became a worshipper of the Wu Jian Council
  5179 | D:5      | Gained mutation: You have razor-sharp teeth. [Vine Stalker
                  | growth]
  5179 | D:5      | Reached XP level 8. HP: 31/40 MP: 0/15
  5475 | D:6      | Found a glowing silver altar of Zin.
  5673 | D:6      | Reached * piety under Wu Jian
  5918 | D:6      | Reached skill level 6 in Ice Magic
  5940 | D:6      | Found an iron altar of Okawaru.
  5953 | D:6      | Noticed Eustachio
  5970 | D:6      | Killed Eustachio
  6404 | D:6      | Reached skill level 5 in Spellcasting
  6814 | D:6      | Reached XP level 9. HP: 32/45 MP: 13/17
  6958 | D:7      | Noticed a boulder beetle
  6987 | D:7      | Killed a boulder beetle
  7235 | D:7      | Reached skill level 7 in Ice Magic
  7273 | D:7      | Found Nosin's General Store.
  7505 | D:7      | Reached skill level 5 in Maces & Flails
  7700 | D:8      | Found Louny's Assorted Antiques.
  7730 | D:8      | Reached skill level 5 in Fighting
  7730 | D:8      | Reached skill level 5 in Dodging
  7825 | D:8      | Noticed an elephant
  7898 | D:7      | Killed an elephant
  7899 | D:7      | Reached XP level 10. HP: 21/51 MP: 7/20
  8254 | D:8      | Reached ** piety under Wu Jian
  8308 | D:7      | Slain by a killer bee

Illustrated notes

Levels and vault maps discovered:
D:1:      tarquinn_simple_flora_water_d, layout_basic,
          hellmonk_ecumenical_altar_zigzags, serial_bayou_pond_d,
          grunt_decor_mini_mirrors, minmay_rat_gold_closets
D:2:      layout_basic
D:3:      layout_basic, minmay_surrounded
D:4:      layout_loops_ring, nzn_hepliaklqana_mist_gate
D:5:      layout_basic, nicolae_qazlal_scattered_showers, temple_statues,
          minmay_manual_mares
D:6:      layout_basic, okawaru_trees_2, zin_statuary,
          cheibrodos_sewer_entry_bend, uniq_eustachio
D:7:      layout_rooms, serial_shops, shop_fountains
D:8:      layout_layer_cave, david_lair_generic, serial_shops, shop
Temple:   nicolae_temple_x_marks_the_god

Skill      XL: |  1  2  3  4  5  6  7  8  9 |
---------------+----------------------------+-----
Fighting       | 1 2 3 4 5 |  5.5
Dodging        | 2 3 4 5 |  5.4
Maces & Flails | 1 2 3 4 5 |  5.6
Spellcasting   | 3 4 5 6 |  6.6
Ice Magic      | 5 6 7 |  7.6
Conjurations   | 2 3 |  3.0
Stealth        | |  2.4

Action                   |  1- 3 |  4- 6 |  7- 9 | 10-12 || total
-------------------------+-------+-------+-------+-------++-------
Melee: Mace              |    49 |   106 |       |       ||   155
       Bite              |    10 |    29 |    37 |     2 ||    78
       Punch             |     1 |     2 |     1 |       ||     4
       Unarmed           |     1 |       |       |       ||     1
       Flail             |       |       |   121 |    14 ||   135
 Cast: Freeze            |    22 |     3 |       |       ||    25
       Frozen Ramparts   |    16 |    31 |    36 |     4 ||    87
       Ozocubu's Armour  |       |     1 |    25 |     6 ||    32
       Hailstorm         |       |       |    10 |     3 ||    13
Invok: Lunge             |       |       |     2 |       ||     2
       Whirlwind         |       |       |     1 |     1 ||     2
  Use: Scroll            |       |     3 |     5 |       ||     8
       Potion            |       |       |       |     1 ||     1
 Stab: Sleeping          |     2 |       |     2 |       ||     4
Armor: Robe              |    11 |    47 |    82 |    11 ||   151
Dodge: Dodged            |    34 |    82 |   139 |    29 ||   284
